 Dungeon Crawl Stone Soup version 0.28.0-45-g0d030f2227 (console) character file.

Game seed: 7269711278336787384

18 Banquo the Magician (level 2, 0/22 HPs)
             Began as a Djinni Fire Elementalist on Apr 11, 2022.
             Frozen to death by an endoplasm (6 damage)
             ... on level 1 of the Dungeon.
             The game lasted 00:01:14 (397 turns).

Banquo the Magician (Djinni Fire Elementalist)       Turns: 397, Time: 00:01:16

Health: 0/22       AC:  2    Str:  7    XL:     2   Next: 90%
Gold:   0          EV: 12    Int: 16    God:
                   SH:  0    Dex: 13

rFire   + + .      SeeInvis .   c - +0 dagger
rCold   x . .      Faith    .   (no shield)
rNeg    . . .      Spirit   .   a - +0 robe
rPois   ∞          Reflect  .   (no helmet)
rElec   .          Harm     .   (no cloak)
rCorr   .          Rampage  .   (no gloves)
Will    .....                   (boots unavailable)
Stlth   ++........              (no amulet)
HPRegen 0.07/turn               (no ring)
MPRegen 0.00/turn               (no ring)

@: flying
A: sickness immunity, fire resistance 2, cold vulnerability 1, float, innate
caster, HP casting, extra vitality 1
a: no special abilities


You were on level 1 of the Dungeon.
You visited 1 branch of the dungeon, and saw 1 of its levels.

Inventory:

Hand Weapons
 c - a +0 dagger (weapon)
Armour
 a - a +0 robe (worn)
Scrolls
 b - a scroll of noise {unknown}
 d - a scroll of fear {unknown}


   Skills:
 * Level 0.7 Fighting
 + Level 2.3 Dodging
 - Level 1.5 Stealth
 + Level 2.9 Spellcasting


You couldn't memorise any spells.
You knew the following spells:

 Your Spells              Type           Power      Damage    Failure   Level
a - Foxfire               Conj/Fire      44%        2x1d6     5%          1
b - Scorch                Fire           22%        2d6       9%          2
c - Conjure Flame         Conj/Fire      11%        6-21      17%         3
d - Inner Flame           Hex/Fire       11%        N/A       17%         3
e - Flame Wave            Conj/Fire      11%        2d5       50%         4
Your spell library was empty.

Dungeon Overview and Level Annotations

Branches:
Dungeon (1/15)

Altars:


Innate Abilities, Weirdness & Mutations

You are immune to sickness and miasma.
You are immune to poison.
Your flesh is very heat resistant. (rF++)
You are vulnerable to cold. (rC-)
You float through the air rather than walking.
You learn spells naturally, not from books.
Your magical power is your life essence.
You have superior vitality. (+4 MHP)


Message History

Casting: Foxfire (safe; 6% risk of failure)
Confirm with . or Enter, or press ? or * to list all spells.
You conjure some foxfire!
The jackal bites you. The jackal barely misses you.
The jackal bites you but does no damage.
The jackal misses you.
The foxfire hits the jackal.
You kill the jackal!
The foxfire hits the jackal.
You kill the jackal!
An endoplasm comes into view.
The jackal closely misses you.
Unknown command.
The goblin hits you with a +0 dagger. The jackal bites you.
Casting: Foxfire (safe; 6% risk of failure)
Confirm with . or Enter, or press ? or * to list all spells.
You conjure some foxfire!
The endoplasm quivers.
The jackal barely misses you. The goblin misses you.
The foxfire hits the goblin.
You kill the goblin!
The foxfire hits the jackal.
The jackal is heavily wounded.
The jackal bites you. The jackal closely misses you.
Casting: Foxfire (safe; 6% risk of failure)
Confirm with . or Enter, or press ? or * to list all spells.
You conjure some foxfire!
* * * LOW HITPOINT WARNING * * *
The jackal closely misses you.
The foxfire hits the jackal.
The jackal is severely wounded.
The foxfire hits the jackal.
You kill the jackal!
Unknown command.
Casting: Foxfire (safe; 5% risk of failure)
Confirm with . or Enter, or press ? or * to list all spells.
You conjure some foxfire!
* * * LOW HITPOINT WARNING * * *
The endoplasm freezes you.
You are frozen.
You feel a terrible chill!
You die...

.<#≈≈≈≈≈# .>#≈≈≈§≈# ..
...... ###≈≈§≈≈# .##
.....# ≈≈≈≈≈≈≈≈# ..#
..... ≈≈≈≈#§≈##
##..###....# #§≈§≈≈≈#
....#...#.# §§§≈§≈##
#.....†.. ≈≈≈§###
#.v..##... #####
###.@....... ...#
####...vJ...... ...#
#....##†....... ..####
#.####.........
.....#####.##...........
....).#.)...............
....÷÷÷........#..(....#
....÷..........######...
................# .#


You could see an endoplasm (ally target).

Vanquished Creatures
  A ball python (D:1)
  2 goblins (D:1)
  A hobgoblin (D:1)
  6 jackals (D:1)
  A quokka (D:1)
  A frilled lizard (D:1)
  2 kobolds (D:1)
  A rat (D:1)
15 creatures vanquished.

Vanquished Creatures (others)
  29 foxfires (D:1)
29 creatures vanquished.

Grand Total: 44 creatures vanquished

Notes
Turn   | Place    | Note
-------+----------+-------------------------------------------
     0 | D:1      | Banquo the Djinni Fire Elementalist began the quest for the
                  | Orb.
     0 | D:1      | Reached XP level 1. HP: 15/15 MP: 0/0
   133 | D:1      | Reached XP level 2. HP: 18/22 MP: 0/0
   397 | D:1      | Frozen to death by an endoplasm

Illustrated notes

Levels and vault maps discovered:
D:1:      lightli_molten_gateway, layout_rooms, basic_ecumenical_altar

Action                   || total
-------------------------++-------
 Cast: Foxfire           ||    18
Armor: Robe              ||     1
Dodge: Dodged            ||    13
